 Dungeon Crawl Stone Soup version 0.31-a0-986-g5e6e4ef867 (webtiles) character file.

Game seed: 10589633629899994450

6795 sammy202020 the Fighter (level 10, -10/72 HPs)
             Began as a Demonspawn Shapeshifter on Nov 10, 2023.
             Was a Follower of Hepliaklqana.
             Killed from afar by an acid dragon (39 damage)
             ... with a splash of acid
             ... on level 10 of the Dungeon.
             The game lasted 00:15:04 (10542 turns).

sammy202020 the Fighter (Demonspawn Shapeshifter)  Turns: 10542, Time: 00:15:06

Health: -10/72     AC: 10    Str: 19    XL:     10   Next: 76%
Magic:  10/10      EV:  7    Int: 12    God:    Hepliaklqana [*.....]
Gold:   486        SH:  5    Dex: 12    Spells: 9/9 levels left

rFire   . .          .
                       - Unarmed
rCold   + . .        (no shield)
rNeg    . . .        w - +1 plate armour {rC+}
rPois   .            (helmet currently unavailable)
rElec   .            (cloak currently unavailable)
rCorr   .            (gloves currently unavailable)
SInv    .            (boots currently unavailable)
Will    .....        f - amulet of reflection Stlth
                     q - +4 ring of slaying
HPRegen 0.32/turn    p - +4 ring of protection
MPRegen 0.12/turn

%: reflection
@: beast-form, corroded
A: beast (slay +4), reduced essence, claws 2, horns 2, demonic magic 3, weakness
stinger 1, camouflage 1, shaggy fur 1
a: Begin Untransformation, Renounce Religion, Recall Ancestor, Ancestor Identity


You were on level 10 of the Dungeon.
You worshipped Hepliaklqana.
Hepliaklqana was aware of your devotion.
You were a hulking beast.
You visited 2 branches of the dungeon, and saw 11 of its levels.

You collected 621 gold pieces.
You spent 135 gold pieces at shops.

Inventory:

Hand Weapons
 A - a +3 hand axe
Missiles
 g - 3 throwing nets
 k - 25 poisoned darts
Armour
 o - a +0 hat
 t - +0 swamp dragon scales
 w - a +1 plate armour of cold resistance (worn)
 x - a +0 pair of boots
Jewellery
 f - an amulet of reflection (around neck)
 h - a ring of wizardry
 p - a +4 ring of protection (right claw)
 q - a +4 ring of slaying (left claw)
 C - an amulet of the acrobat
 D - a ring of fire
Talismans
 c - a beast talisman
 d - a flux talisman
Wands
 l - a wand of flame (20)
 E - a wand of acid (4)
Scrolls
 a - 3 scrolls of enchant weapon
 e - a scroll of fear
 j - 2 scrolls of immolation
 r - 2 scrolls of vulnerability
 u - 2 scrolls of fog
 v - 2 scrolls of teleportation
 y - a scroll of revelation
Potions
 b - 3 potions of lignification
 i - 4 potions of attraction
 m - a potion of cancellation {unknown}
 n - a potion of curing
 s - 2 potions of resistance {unknown}
 z - a potion of haste {unknown}
 B - a potion of invisibility {unknown}
 F - a potion of degeneration {unknown}


   Skills:
 * Level 8.3 Fighting
 + Level 5.3 Armour
 + Level 5.4 Dodging
 * Level 8.1 Unarmed Combat
 * Level 7.5 Shapeshifting


You had 9 spell levels left.
You didn't know any spells.
Your spell library contained the following spells:

 Spells                   Type           Power      Damage    Failure   Level
 Foxfire                  Conj/Fire      0%         2x1d4     100%        1
 Kiss of Death            Conj/Necr      0%         2d5       100%        1
 Magic Dart               Conj           0%         1d3       100%        1
 Lesser Beckoning         Tloc           0%         N/A       100%        2
 Searing Ray              Conj           0%         2d4       100%        2
 Confusing Touch          Hex            0%         N/A       100%        3
 Gell's Gravitas          Tloc           0%         N/A       100%        3
 Teleport Other           Tloc           0%         N/A       100%        3
 Dispel Undead            Necr           0%         3d6       100%        4
 Fulminant Prism          Conj/Hex       0%         3d5       100%        4
 Plasma Beam              Fire/Air       0%         2x1d10    100%        6
 Starburst                Conj/Fire      0%         6d3       100%        6


Dungeon Overview and Level Annotations

Branches:
Dungeon (10/15)            Temple (1/1) D:5            Lair (0/5) D:9
    Orc (0/2) D:10

Altars:
Ashenzari
Cheibriados
Dithmenos
Fedhas
Gozag
Hepliaklqana
Kikubaaqudgha
Makhleb
Nemelex Xobeh
Okawaru
Qazlal
Ru
Sif Muna
Uskayaw
Vehumet
Wu Jian
Xom
Yredelemnul

Shops:
D:5 ?*


Innate Abilities, Weirdness & Mutations

You are a hulking beast.
Your limbs bulge with bestial killing power. (Slay +4)
Your life essence is reduced to manifest your ancestor. (-10% HP)
You have very sharp fingernails.
You have a pair of horns on your head.
Spells you cast and wands you use may paralyse nearby enemies.
You have a small tail.
Your skin changes colour to match your surroundings (Stealth+).
You are covered in fur. (AC +1)


Message History

No target in view!
No target in view!
HP restored.
You see here a basilisk corpse.
Things that are here:
a +0 giant club; a +0 giant club; a two-headed ogre corpse You now have 486 gold pieces (gained 14).
Found a stone staircase leading down.
F - a silvery potion
There is a strange disturbance nearby!
There is a strange disturbance nearby!
No target in view!
There is a strange disturbance nearby!
There is a strange disturbance nearby!
There is a strange disturbance nearby!
No target in view!
An acid dragon comes into view.
The acid dragon roars!
Found a ring mail.
Something hits you but does no damage.
Deactivating autopickup; reactivate with Ctrl-A.
The acid dragon spits acid at you. The splash of acid hits you!
The acid corrodes you! You block something's attack.
Something hits you but does no damage.
Something hits Wilburh!
Something hits Wilburh but does no damage.
Wilburh barely misses something.
Something hits Wilburh.
Wilburh hits something!
You start resting.
An acid dragon is nearby!
Okay, then.
You swap places.
Something hits you but does no damage. The acid dragon spits acid at you.
The splash of acid hits you!! The acid corrodes you!
Wilburh hits something.
You barely miss the acid dragon.
You tail-slap the acid dragon, but do no damage.
Something hits you but does no damage. The acid dragon spits acid at you.
The splash of acid hits you!!!
Ouch! That really hurt!
You die...

#########################
.........>..............#
........................#
.[..!...................#
.......................#
###....R...............
#...h##########......
#...D# #...... #....#
#...... #....# #......
......# #.....# .......#
####.....# .........
.........# .........
........)# ...#####†#


You could see the friendly Wilburh the ancestor and an acid dragon (catching
breath).

Vanquished Creatures
  A two-headed ogre (D:10)
  Maurice (D:8)
  Maggie (D:6)
  Grinder (D:6)
  3 wyverns (D:9)
  4 yaks (D:9)
  A basilisk (D:10)
  2 wargs (D:9)
  Duvessa (D:5)
  3 water moccasins
  A sky beast (D:7)
  6 orc warriors
  A black bear (D:4)
  An ogre (D:4)
  4 centaurs
  3 kobold brigands (D:9)
  2 bullfrogs (D:7)
  2 gnoll sergeants
  5 wights
  Dowan (D:5)
  6 killer bees
  3 howler monkeys
  2 jellies
  5 hounds
  3 orc priests
  6 iguanas
  A sleepcap (D:6)
  10 orc wizards
  Robin (D:4)
  15 adders
  19 gnolls
  2 ufetubi (D:6)
  A worm (D:4)
  3 dart slugs
  49 orcs
  A bat (D:2)
  An endoplasm (D:4)
  3 giant cockroaches
  14 goblins
  7 hobgoblins
  3 jackals (D:1)
  16 kobolds
  2 quokkas (D:1)
  4 ball pythons
  8 frilled lizards (D:6)
  5 rats
234 creatures vanquished.

Vanquished Creatures (collateral kills)
  2 orc wizards
  2 orcs
  4 kobolds (D:9)
8 creatures vanquished.

Vanquished Creatures (others)
  2 ancestors
2 creatures vanquished.

Grand Total: 244 creatures vanquished

Notes
Turn   | Place    | Note
-------+----------+-------------------------------------------
     0 | D:1      | sammy202020 the Demonspawn Shapeshifter began the quest for
                  | the Orb.
     0 | D:1      | Reached XP level 1. HP: 15/15 MP: 1/1
   229 | D:1      | Discovered your monstrous ancestry.
   229 | D:1      | Gained mutation: You have a pair of small horns on your
                  | head. [demonic ancestry]
   229 | D:1      | Reached XP level 2. HP: 16/21 MP: 2/2
  1267 | D:2      | You fall into a shaft and drop 1 floor!
  1318 | D:3      | Found a hide-covered altar of Uskayaw.
  1350 | D:3      | Gained mutation: You have sharp fingernails. [demonic
                  | ancestry]
  1350 | D:3      | Reached XP level 3. HP: 24/27 MP: 3/3
  1969 | D:4      | Reached skill level 1 in Armour
  1969 | D:4      | Reached XP level 4. HP: 15/33 MP: 4/4
  2097 | D:4      | Noticed a black bear
  2110 | D:4      | Killed a black bear
  2111 | D:4      | Gained mutation: Spells you cast may paralyse adjacent
                  | enemies. [demonic ancestry]
  2111 | D:4      | Reached XP level 5. HP: 24/39 MP: 5/5
  2184 | D:4      | Noticed Robin
  2220 | D:4      | Killed Robin
  2309 | D:4      | Gained mutation: You have a small tail. [demonic ancestry]
  2309 | D:4      | Reached XP level 6. HP: 25/47 MP: 6/6
  3027 | D:4      | Found a stormy altar of Qazlal.
  3099 | D:4      | Identified the +0 leather armour of the Apprentice {rC-
                  | Str+2 Int+2 Dex+3}
  3106 | D:4      | Gained mutation: Spells you cast may paralyse nearby
                  | enemies. [demonic ancestry]
  3106 | D:4      | Reached XP level 7. HP: 52/52 MP: 7/7
  3566 | D:5      | Entered Level 5 of the Dungeon
  3630 | D:5      | Found Oseshes's Assorted Antiques.
  3681 | D:5      | Bought a large ivory ring for 135 gold pieces
  4091 | D:5      | Noticed Dowan
  4091 | D:5      | Noticed Duvessa
  4122 | D:5      | Killed Dowan
  4125 | D:5      | Killed Duvessa
  4638 | D:5      | Reached skill level 5 in Unarmed Combat
  4638 | D:5      | Gained mutation: Spells you cast and wands you use may
                  | paralyse nearby enemies. [demonic ancestry]
  4638 | D:5      | Reached XP level 8. HP: 60/61 MP: 8/8
  4650 | D:5      | Found a staircase to the Ecumenical Temple.
  4935 | Temple   | Entered the Ecumenical Temple
  5045 | D:5      | Found Kuoddu's Magic Scroll Shoppe.
  5365 | D:6      | Noticed Maggie
  5367 | D:6      | Noticed Grinder
  5369 | D:6      | Paralysed by Grinder for 3 turns
  5378 | D:6      | Killed Maggie
  5379 | D:6      | Reached skill level 5 in Fighting
  5379 | D:6      | Reached skill level 5 in Shapeshifting
  5383 | D:6      | Killed Grinder
  6641 | D:7      | Gained mutation: You have very sharp fingernails. [demonic
                  | ancestry]
  6641 | D:7      | Reached XP level 9. HP: 39/69 MP: 9/9
  6911 | D:7      | Found an opulent altar of Gozag.
  6919 | D:7      | Found a hazy altar of Hepliaklqana.
  6931 | D:7      | Became a worshipper of Hepliaklqana the Forgotten
  8218 | D:8      | Noticed Maurice
  8226 | D:8      | Killed Maurice
  8281 | D:8      | Gained mutation: Your skin changes colour to match your
                  | surroundings (Stealth+). [potion of mutation]
  8281 | D:8      | Gained mutation: You are covered in fur. (AC +1) [potion of
                  | mutation]
  8698 | D:9      | Reached * piety under Hepliaklqana
  8728 | D:9      | Gained mutation: You have a pair of horns on your head.
                  | [demonic ancestry]
  8728 | D:9      | Reached XP level 10. HP: 17/71 MP: 10/10
  8766 | D:9      | Found a staircase to the Lair.
  9303 | D:9      | Reached skill level 5 in Dodging
  9482 | D:9      | Reached skill level 5 in Armour
 10129 | D:10     | Identified the "Darghaneo"
 10129 | D:10     | Entered Level 10 of the Dungeon
 10155 | D:10     | Found a staircase to the Orcish Mines.
 10354 | D:10     | Noticed a two-headed ogre
 10361 | D:10     | Killed a two-headed ogre
 10542 | D:10     | Killed from afar by an acid dragon

Illustrated notes

Levels and vault maps discovered:
D:1:      kennysheep_arrival_seaside, layout_basic,
          chequers_serial_rivers_micro_e
D:2:      layout_loops_ring, hellmonk_ecumenical_altar_zigzags, basic_altar,
          minivault_27, minmay_fractal_squares_5
D:3:      layout_loops_ring, mainiacjoe_overflow_catwalk
D:4:      nicolae_cairo_tiling_very_big, layout_basic,
          nicolae_qazlal_general_emergency, mainiacjoe_overflow_alcove_4,
          grunt_ministairs_9, minmay_joined_circles, uniq_robin
D:5:      layout_gridville, minmay_temple_entry_nine_rooms, serial_bayou,
          serial_bayou_shore_b, serial_bayou_lake_a, serial_bayou_crossing,
          serial_bayou_shore_b, serial_shops, nicolae_shop_rolled_up,
          kennysheep_windowed_goal, uniq_duvessa
D:6:      layout_cave_pools, serial_park_tiny_2, minmay_lizard_king,
          uniq_maggie, uniq_grinder
D:7:      layout_basic, tso_oasis_becter, nicolae_overflow_squiral,
          elyvilon_altar_3, nicolae_fountain_basement
D:8:      layout_loops_ring, uniq_maurice
D:9:      layout_cave_pods, erik_lair_orcish_takeover, minmay_tree_intersection
D:10:     cheibrodos_barr_body, layout_irregular_city, trog_book, david_orc_2,
          fountainhead
Temple:   eino_temple_lava

Skill      XL: |  1  2  3  4  5  6  7  8  9 10 |
---------------+-------------------------------+-----
Unarmed Combat | 3 4 5 6 7 8 |  8.1
Dodging        | 2 3 4 5 |  5.4
Shapeshifting  | 3 4 5 6 7 |  7.5
Fighting       | 2 3 4 5 7 8 |  8.3
Armour         | 1 2 3 4 5 |  5.3

Action                     |  1- 3 |  4- 6 |  7- 9 | 10-12 || total
---------------------------+-------+-------+-------+-------++-------
  Melee: Unarmed           |    92 |   150 |   292 |   106 ||   640
         Headbutt          |    10 |    20 |    64 |    22 ||   116
         Punch             |     3 |     4 |     9 |     3 ||    19
         Tailslap          |       |     9 |    33 |    11 ||    53
    Use: Scroll            |     9 |       |     8 |       ||    17
         Potion            |       |     2 |     4 |     1 ||     7
   Stab: Sleeping          |     1 |       |       |       ||     1
 Armour: Animal skin       |    10 |       |       |       ||    10
         Ring mail         |    27 |       |       |       ||    27
         Plate armour      |    13 |   123 |   245 |   113 ||   494
  Dodge: Dodged            |    48 |    36 |    69 |    40 ||   193
  Block: Other             |    16 |    29 |    46 |    26 ||   117
         Reflection        |       |     1 |     1 |     1 ||     3

Table legend: (Time is in decaauts)
 A = Elapsed time spent in this place.
 B = Non-inter-level travel time spent in this place.
 C = Inter-level travel time spent in this place.
 D = Time resting spent in this place.
 E = Time spent auto-exploring this place.
 F = Levels seen in this place.
 G = Mean time per level.
                   A        B        C        D        E       F      G
               +--------+--------+--------+--------+--------+-----+--------+
         Total |  10551 |  10381 |    170 |   2270 |   6493 |  11 |  959.2 |
       Dungeon |  10533 |  10363 |    170 |   2270 |   6493 |  10 | 1053.3 |
        Temple |     17 |     17 |      0 |      0 |      0 |   1 |   17.0 |
               +--------+--------+--------+--------+--------+-----+--------+

Top non-repeatable levels by time:
     D:5: 1663 daAuts
     D:4: 1590 daAuts
     D:9: 1496 daAuts
     D:6: 1278 daAuts
     D:8: 1184 daAuts
     D:1: 1154 daAuts
     D:7: 950 daAuts
     D:3: 695 daAuts
    D:10: 407 daAuts
     D:2: 112 daAuts
  Temple: 17 daAuts
